 Dungeon Crawl Stone Soup version 0.29-a0-1030-gf5f8719cae (webtiles) character file.

Game seed: 10964248531120114410

175 DungeonMaster the Chopper (level 5, 41/41 HPs)
             Began as a Demonspawn Wanderer on Aug 14, 2022.
             Quit the game on level 3 of the Dungeon.
             The game lasted 00:03:20 (2255 turns).

DungeonMaster the Chopper (Demonspawn Wanderer)     Turns: 2255, Time: 00:03:21

Health: 41/41      AC:  9    Str: 15    XL:     5   Next: 29%
Magic:  5/5        EV: 10    Int: 11    God:
Gold:   103        SH:  4    Dex: 14    Spells: 4/4 levels left

rFire   . . .      SeeInvis .   a - +2 whip (venom)
rCold   . . .      Faith    .   i - +0 buckler
rNeg    . . .      Spirit   .   b - +0 ring mail
rPois   +          Reflect  .   (helmet restricted)
rElec   .          Harm     .   e - +2 cloak "Qedinn" {rPois}
rCorr   .          Rampage  .   k - +0 pair of gloves {Stlth+}
Will    .....                   (no boots)
Stlth   ++........              (no amulet)
HPRegen 0.13/turn               (no ring)
MPRegen 0.09/turn               (no ring)

@: no status effects
A: horns 1, demonic magic 1, weakness stinger 1
a: no special abilities


You were on level 3 of the Dungeon.
You visited 1 branch of the dungeon, and saw 3 of its levels.

You collected 103 gold pieces.

Inventory:

Hand Weapons
 a - a +2 whip of venom (weapon)
 s - a +3 short sword
Missiles
 j - 9 stones (quivered)
 l - 6 boomerangs
Armour
 b - a +0 ring mail (worn)
 e - the +2 cloak "Qedinn" (worn) {rPois}
   (You acquired it on level 2 of the Dungeon)

   rPois:     It protects you from poison.
 i - a +0 buckler (worn)
 k - a +0 pair of gloves of stealth (worn)
Jewellery
 g - a +4 ring of protection
Scrolls
 f - 5 scrolls of butterflies
Potions
 c - a potion of berserk rage
 d - 2 potions of curing
 h - a potion of haste {unknown}


   Skills:
 * Level 3.3 Fighting
 - Level 3.6 Short Blades
 - Level 3.6 Axes
 * Level 2.1 Armour
 * Level 2.1 Dodging
 * Level 1.7 Shields


You had 4 spell levels left.
You didn't know any spells.
Your spell library contained the following spells:

 Spells                   Type           Power      Damage    Failure   Level
 Sting                    Tmut/Pois      0%         1d3       67%         1
 Poisonous Vapours        Pois/Air       0%         N/A       80%         2
 Olgreb's Toxic Radiance  Pois           0%         N/A       100%        4


Dungeon Overview and Level Annotations

Branches:
Dungeon (3/15)

Altars:


Innate Abilities, Weirdness & Mutations

You have a pair of small horns on your head.
Spells you cast may paralyse adjacent enemies.
You have a small tail.


Message History

Sigmund is moderately wounded.
Sigmund hits you with a +0 scythe of freezing.
Sigmund freezes you.
You closely miss Sigmund.
You tail-slap Sigmund, but do no damage.
Sigmund is moderately wounded.
Sigmund drinks a potion.
Sigmund is healed!
Sigmund looks more healthy.
You barely miss Sigmund.
Your tail-slap misses Sigmund.
Sigmund says, "I'm your fate." Sigmund closely misses you.
You whack Sigmund!
Sigmund is poisoned.
Sigmund is moderately wounded.
You whack Sigmund!
Sigmund looks as sick as possible!
Sigmund is severely wounded.
Sigmund gestures at you while chanting.
You are confused.
You bump into the rock wall.
Sigmund casts a spell at you. You resist with significant effort.
You bump into the rock wall.
You kill Sigmund!
Your Fighting skill increases to level 3!
Your Armour skill increases to level 2!
Your Dodging skill increases to level 2!
Your Shields skill increases to level 1!
You have reached level 3!
Your experience leads to an increase in your attributes!
Increase (s)trength, (i)ntelligence, or (d)exterity?
You feel agile. x2; Your demonic ancestry asserts itself...
A pair of horns grows on your head!
You have reached level 4!
You feel agile.
Your demonic ancestry asserts itself...
A menacing aura infuses your magic.
You have reached level 5!
d - 2 potions of curing (gained 1)
Things that are here:
a +0 scythe of freezing; a +0 robe You bump into the rock wall.
You feel less confused.
Are you sure you want to abandon this character and quit the game? (Confirm with "yes".)

............#
........... .........
....... ..... #####
... #...# #'# #...#
#.# #...# #@#####
#...# #.....#
##...##############.#
#....'............#.#
#....############.#.#
#.........# #####.#.#
#.....###.# #..|..#.#
#.....#<..# #.#.#.#.#
#.###.##### #.#...#.#


There were no monsters in sight!

Vanquished Creatures
  Sigmund (D:3)
  A dart slug (D:2)
  2 bats
  2 endoplasms
  A goblin (D:2)
  6 hobgoblins
  2 ball pythons
  A frilled lizard (D:1)
  2 kobolds (D:2)
  6 rats (D:1)
  A bush (D:1)
25 creatures vanquished.

Notes
Turn   | Place    | Note
-------+----------+-------------------------------------------
     0 | D:1      | DungeonMaster the Demonspawn Wanderer began the quest for
                  | the Orb.
     0 | D:1      | DungeonMaster set off with the following items: a +3 short
                  | sword, a +0 hand axe, a potion of berserk rage, a +0
                  | leather armour.
     0 | D:1      | Reached XP level 1. HP: 16/16 MP: 1/1
   590 | D:1      | Discovered your monstrous ancestry.
   590 | D:1      | Gained mutation: You have a small tail. [demonic ancestry]
   590 | D:1      | Reached XP level 2. HP: 22/22 MP: 2/2
  1358 | D:2      | Reached skill level 1 in Armour
  1704 | D:2      | Reached skill level 1 in Dodging
  2040 | D:2      | Identified 2 scrolls of acquirement
  2040 | D:2      | Acquired a +0 pair of gloves of stealth
  2047 | D:2      | Acquired the +2 cloak "Qedinn" {rPois}
  2125 | D:3      | Noticed Sigmund
  2141 | D:3      | Killed Sigmund
  2142 | D:3      | Reached skill level 1 in Shields
  2142 | D:3      | Gained mutation: You have a pair of small horns on your
                  | head. [demonic ancestry]
  2142 | D:3      | Reached XP level 3. HP: 18/29 MP: 3/3
  2142 | D:3      | Gained mutation: Spells you cast may paralyse adjacent
                  | enemies. [demonic ancestry]
  2142 | D:3      | Reached XP level 4. HP: 22/35 MP: 4/4
  2142 | D:3      | Reached XP level 5. HP: 26/41 MP: 5/5
  2255 | D:3      | Quit the game

Illustrated notes

Levels and vault maps discovered:
D:1:      co_arrival_random_square_maze, layout_basic, chequers_big_river,
          minmay_hedge_maze
D:2:      layout_rooms
D:3:      layout_basic, cheibriados_altar_1, minmay_close_crescents,
          uniq_sigmund, uniq_jessica

Skill      XL: |  1  2 |
---------------+-------+-----
Armour         | 2 |  2.1
Dodging        | 2 |  2.1
Fighting       | 3 |  3.3
Shields        | 1 |  1.7
Short Blades   | |  3.6
Axes           | |  3.6

Action                   |  1- 3 |  4- 6 || total
-------------------------+-------+-------++-------
Melee: Short sword       |   167 |       ||   167
       Tailslap          |    44 |       ||    44
       Whip              |    21 |       ||    21
       Punch             |     6 |       ||     6
  Use: Scroll            |     3 |       ||     3
Armor: Leather armour    |    10 |       ||    10
       Ring mail         |     2 |       ||     2
Dodge: Dodged            |    20 |       ||    20
Block: Buckler           |     2 |       ||     2

Table legend: (Time is in decaauts)
 A = Elapsed time spent in this place.
 B = Non-inter-level travel time spent in this place.
 C = Inter-level travel time spent in this place.
 D = Time resting spent in this place.
 E = Time spent auto-exploring this place.
 F = Levels seen in this place.
 G = Mean time per level.
                   A        B        C        D        E       F      G
               +--------+--------+--------+--------+--------+-----+--------+
         Total |   2248 |   2185 |     63 |    351 |   1472 |   3 |  749.3 |
       Dungeon |   2248 |   2185 |     63 |    351 |   1472 |   3 |  749.3 |
               +--------+--------+--------+--------+--------+-----+--------+

Top non-repeatable levels by time:
     D:1: 1322 daAuts
     D:2: 729 daAuts
     D:3: 195 daAuts
